4on4

Match 15000131
End
Construct Weapon Support Center
Selects Airborne Battlegroup
Selects Heavy Machine Gun Paradrop
Heavy Machine Gun Paradrop
M1919 Machine Gun Team
Heavy Machine Gun Paradrop
Construct Medical Station
Selects Paratrooper Squad Paradrop
Paratrooper Squad Paradrop
Paratrooper Squad Paradrop
Selects Smoke Bombing Run
Paratrooper Squad Paradrop
Paratrooper Squad Paradrop
Selects Supply Drop
Paratrooper Squad Paradrop
Heavy Machine Gun Paradrop
Air Support Center
P-47 Dive Bomb
Paratrooper Squad Paradrop
Paratrooper Squad Paradrop
P-47 Dive Bomb
Supply Drop
Selects Dual P-47 Rocket Strike
Air Supremacy
Air Supply
P-47 Dive Bomb
Double Sortie
Advanced Air Reconnaissance
P-47 Dive Bomb
Paratrooper Squad Paradrop
P-47 Dive Bomb
P-47 Dive Bomb
Paratrooper Squad Paradrop
saitamapopo28
crazymcdazy
Snake Plissken
Asch
UH|HawK
UH|BluEskY
UH|dun! ツ
UH|XTC
0
0

Comments sign in to comment!

No comments posted yet!